 Dungeon Crawl Stone Soup version 0.20.1-1-g8b1a95d (webtiles) character file.

16610 Holzbox the Cleaver (level 12, -7/107 HPs)
             Began as a Minotaur Fighter on Sept 17, 2017.
             Was the Champion of Okawaru.
             Mangled by an orc warrior
             ... wielding a +0 hand axe
              (13 damage)
             ... on level 11 of the Dungeon.
             The game lasted 01:09:17 (10656 turns).

Holzbox the Cleaver (Minotaur Fighter)             Turns: 10656, Time: 01:09:18

Health: -7/107     AC: 20    Str: 24    XL:     12   Next: 11%
Magic:  8/10       EV: 12    Int:  5    God:    Okawaru [******]
Gold:   688        SH: 15    Dex: 12    Spells: 11/11 levels left

rFire    + . .     SeeInvis +   H - +2 hand axe (elec)
rCold    . . .     Gourm    .   o - +0 shield
rNeg     . . .     Faith    .   T - +1 chain mail of Tovenwo {rF+ rCorr}
rPois    +         Spirit   .   J - +0 hat {SInv}
rElec    .         Reflect  .   v - +2 cloak {rPois}
rCorr    +         Harm     .   D - +0 pair of gloves
MR       .....                  (no boots)
Stlth    +.........             (no amulet)
Regen    0.3/turn               u - ring of stealth
MPRegen  0.2/turn               (no ring)

@: heroism, hasted, very quick
A: retaliatory headbutt, beak, horns 2, low mp 1, mutation resistance 1
a: Heroism, Finesse, Renounce Religion


You were on level 11 of the Dungeon.
You worshipped Okawaru.
Okawaru was exalted by your worship.
You were not hungry.

You visited 1 branch of the dungeon, and saw 11 of its levels.
You also visited: Ossuary.

You collected 688 gold pieces.

Inventory:

Hand Weapons
 a - a +1 war axe
 H - a +2 hand axe of electrocution (weapon)
 S - a +4 glaive of protection
Armour
 j - a +1 plate armour
 o - a +0 shield (worn)
 v - a +2 cloak of poison resistance (worn)
 D - a +0 pair of gloves (worn)
 J - a +0 hat of see invisible (worn)
 P - a +0 scale mail of fire resistance
 R - a +1 hat of magic resistance
 T - the +1 chain mail of Tovenwo (worn) {rF+ rCorr}
   (You found it on level 11 of the Dungeon)

   It protects you from fire.
   It protects you from acid and corrosion.
Magical Staves
 b - an uncursed staff of earth {unknown}
Jewellery
 r - an uncursed ring of flight
 u - a ring of stealth (left hand)
 Q - an uncursed ring of ice
Wands
 s - a wand of lightning (7/15)
 t - a wand of iceblast (13/15)
 A - a wand of clouds (6/9)
 I - a wand of polymorph (18/24)
 K - a wand of flame (4/48)
 N - a wand of iceblast (12/15)
Scrolls
 g - a scroll of enchant armour
 i - 7 scrolls of identify
 l - 7 scrolls of teleportation
 m - 4 scrolls of remove curse
 y - 2 scrolls of fear {unknown}
 z - a scroll of vulnerability {unknown}
 B - 2 scrolls of fog {unknown}
 C - 2 scrolls of noise {unknown}
 E - 3 scrolls of immolation {unknown}
 F - a scroll of magic mapping
 M - a scroll of amnesia {unknown}
Potions
 d - a potion of might
 e - a potion of magic
 h - 9 potions of curing
 n - 2 potions of heal wounds
 p - 2 potions of brilliance
 w - a potion of cancellation
 x - 4 potions of haste
 G - a potion of agility
 L - a potion of flight
Books
 c - a book of Clouds

   Spells                             Type                      Level
   a - Poisonous Vapours              Poison/Air                   2
   b - Mephitic Cloud                 Conjuration/Poison/Air       3
   c - Conjure Flame                  Conjuration/Fire             3
   d - Freezing Cloud                 Conjuration/Ice/Air          6
   e - Ring of Flames                 Charms/Fire                  7
Comestibles
 f - 10 bread rations
 k - 13 royal jellies
 q - 5 meat rations
 O - 3 fruits


   Skills:
 + Level 10.3(15.3) Fighting
 + Level 14.6(19.6) Axes
 + Level 11.1(16.1) Armour
 + Level 1.5(6.5) Dodging
 + Level 1.1(6.1) Stealth
 + Level 11.4(16.4) Shields
 + Level 0.2 Invocations
 + Level 1.0 Evocations


You had 11 spell levels left.
You didn't know any spells.

Dungeon Overview and Level Annotations

Branches:
Dungeon (11/15)            Temple (0/1) D:7            Lair (0/6) D:9
    Orc (0/2) D:10

Altars:
Cheibriados
Okawaru
Qazlal
Uskayaw
Xom
Yredelemnul

Shops:
D:5 ?

Annotations:
D:11 Berahthraban's ghost, journeyman HuCj


Innate Abilities, Weirdness & Mutations

You reflexively headbutt those who attack you in melee.
You have a pair of horns on your head.
You have a beak for a mouth.
Your magical capacity is low. (-10% MP)
You are somewhat resistant to further mutation.


Message History

You kill the orc warrior!
Okawaru accepts your kill.
The orc knight hits you from afar with a glaive!
* * * LOW HITPOINT WARNING * * *
You hit the orc warrior but do no damage.
Your headbutt misses the orc warrior.
You peck the orc warrior, but do no damage.
You feel better.
The orc warrior hits you with a hand axe!
* * * LOW HITPOINT WARNING * * *
The orc knight closely misses you.
You hit the orc warrior. You headbutt the orc warrior.
The orc warrior is moderately wounded.
The orc warrior hits you with a hand axe!
* * * LOW HITPOINT WARNING * * *
You feel yourself speed up.
The orc knight hits you from afar with a glaive!
* * * LOW HITPOINT WARNING * * *
The orc warrior hits you with a hand axe!
You die...

#..≈≈...## ##...≈≈..#
#..≈...##.......##...≈..#
#.....## ....... ##.....#
#.....# ....... #.....#
#....## ..... ##....#
#....# #...######....#
##...## o..#(.((##...#
####....# ##o##(.((##...#
.......##
##+##8@8##'#####..#
.......#
#.....(.....#.[#..#
.......#
#.##(....##.#.[#..#
.......#
+.###...###.'..#..#
.......#
#..##...##..#[[#..#
.......#
#.....(.....#[[#..#
.......#
#...........####..#
.......# #...........#
#..# .......#
#..##...##..# #..#


You could see an orc knight and an orc warrior.

Vanquished Creatures
  Erolcha (D:10)
  2 centaur warriors (D:11)
  3 two-headed ogres
  Urug (D:11)
  A deep elf archer (D:11)
  The ghost of supermoro the Conjurer, a novice DrCj (D:6)
  An ugly thing (D:10)
  Joseph (D:8)
  A troll (D:10)
  A meliai (D:10)
  3 hornets
  A slime creature (D:10)
  3 hippogriffs
  Sigmund (D:5)
  3 shadows
  10 yaks
  A hungry ghost (D:10)
  2 soldier ants (D:9)
  3 water moccasins
  Duvessa (D:4)
  2 sky beasts (D:8)
  16 orc warriors
  A black bear (D:7)
  A hornet zombie (D:6)
  An ice beast (D:10)
  5 ogres
  3 phantoms
  3 centaurs
  A big kobold (D:7)
  6 bullfrogs
  A water moccasin zombie (Ossuary)
  Dowan (D:4)
  2 scorpions
  A water moccasin skeleton (D:10)
  2 wyvern skeletons
  3 wights (D:10)
  A killer bee (D:11)
  3 spriggan skeletons (D:10)
  8 crimson imps
  4 bullfrog zombies
  2 centaur zombies
  A quasit (D:10)
  2 bullfrog skeletons
  An iron imp (D:7)
  2 hounds (D:8)
  A jelly (D:5)
  8 orc priests
  Crazy Yiuf (D:5)
  4 centaur skeletons
  7 orc wizards
  3 iguanas
  6 worker ants
  5 big kobold zombies (Ossuary)
  A hound zombie (D:5)
  2 mummies (Ossuary)
  A howler monkey zombie (D:10)
  A howler monkey skeleton (D:4)
  17 adders
  3 shadow imps
  5 adder zombies
  6 worms
  A dart slug (D:3)
  4 leopard geckos
  46 orcs
  9 bats
  2 giant cockroaches
  3 goblins (D:2)
  7 hobgoblins
  2 jackals (D:4)
  4 quokkas
  A ball python (D:2)
  5 frilled lizards
  9 hobgoblin zombies (Ossuary)
  2 jackal zombies (D:8)
  9 kobolds
  3 kobold zombies (Ossuary)
  5 orc zombies (Ossuary)
  10 rats
  A spectral orc (D:5)
308 creatures vanquished.

Notes
Turn   | Place    | Note
-------+----------+-------------------------------------------
     0 | D:1      | Holzbox the Minotaur Fighter began the quest for the Orb.
     0 | D:1      | Reached XP level 1. HP: 19/19 MP: 0/0
   446 | D:1      | Reached XP level 2. HP: 24/27 MP: 1/1
   836 | D:2      | Reached XP level 3. HP: 28/33 MP: 2/2
   923 | D:2      | Reached skill level 3 in Axes
  1187 | D:2      | Reached XP level 4. HP: 41/41 MP: 3/3
  1638 | D:3      | Found a faded altar of an unknown god.
  1676 | D:3      | Found an iron altar of Okawaru.
  1693 | D:3      | Became a worshipper of Warmaster Okawaru
  1746 | D:3      | Reached skill level 4 in Axes
  2068 | D:3      | Reached XP level 5. HP: 36/47 MP: 4/4
  2497 | D:4      | Noticed Duvessa
  2497 | D:4      | Noticed Dowan
  2524 | D:4      | Killed Duvessa
  2524 | D:4      | Reached skill level 5 in Axes
  2524 | D:4      | Reached XP level 6. HP: 50/53 MP: 5/5
  2547 | D:4      | Killed Dowan
  2547 | D:4      | Reached skill level 5 in Shields
  2639 | D:4      | Gained mutation: You are agile. (Dex +2) [potion of mutation]
  2639 | D:4      | Gained mutation: You are robust. (+10% HP) [potion of mutation]
  3017 | D:4      | Reached * piety under Okawaru
  3017 | D:4      | Reached skill level 5 in Fighting
  3017 | D:4      | Reached skill level 6 in Axes
  3017 | D:4      | Reached skill level 5 in Armour
  3279 | D:5      | Entered Level 5 of the Dungeon
  3314 | D:5      | Reached XP level 7. HP: 67/67 MP: 6/6
  3365 | D:5      | Noticed Sigmund
  3379 | D:5      | Killed Sigmund
  3379 | D:5      | Reached skill level 7 in Axes
  3524 | D:5      | Reached ** piety under Okawaru
  3812 | D:5      | Found Ziehaupo's Magic Scroll Shoppe.
  3941 | D:5      | Found a basalt altar of Yredelemnul.
  3989 | D:5      | Found a runed door.
  3993 | D:5      | Noticed Crazy Yiuf
  3997 | D:5      | Killed Crazy Yiuf
  4064 | D:6      | Noticed supermoro's ghost (novice DrCj)
  4097 | D:6      | Killed supermoro's ghost
  4097 | D:6      | Reached skill level 8 in Axes
  4097 | D:6      | Reached XP level 8. HP: 27/77 MP: 5/7
  4104 | D:6      | Reached skill level 9 in Axes
  4245 | D:6      | Found a sand-covered staircase.
  4253 | Ossuary  | Entered an ossuary
  4349 | Ossuary  | Reached *** piety under Okawaru
  4445 | Ossuary  | Lost mutation: You are agile. (Dex +2) [potion of mutation]
  4445 | Ossuary  | Lost mutation: You are robust. (+10% HP) [potion of mutation]
  4445 | Ossuary  | Gained mutation: Your body sometimes deteriorates upon taking damage. [potion of mutation]
  4445 | Ossuary  | Gained mutation: You are resistant to hostile enchantments. (MR+) [potion of mutation]
  4652 | D:6      | Reached skill level 10 in Axes
  4700 | D:6      | Found a stormy altar of Qazlal.
  4727 | D:6      | Found a hide-covered altar of Uskayaw.
  4794 | D:6      | Reached XP level 9. HP: 45/78 MP: 8/8
  4936 | D:6      | Found a stormy altar of Qazlal.
  5133 | D:7      | Found a snail-covered altar of Cheibriados.
  5171 | D:7      | Reached **** piety under Okawaru
  5412 | D:7      | Reached skill level 11 in Axes
  5599 | D:7      | Found a staircase to the Ecumenical Temple.
  6160 | D:8      | Reached skill level 1 in Dodging
  6163 | D:8      | Gained mutation: Your muscles are strong. (Str +2) [mutagenic meat]
  6164 | D:8      | Gained mutation: You occasionally shout uncontrollably at your foes. [mutagenic meat]
  6165 | D:8      | Lost mutation: Your muscles are strong. (Str +2) [mutagenic meat]
  6483 | D:8      | Noticed Joseph
  6500 | D:8      | Killed Joseph
  6500 | D:8      | Reached ***** piety under Okawaru
  6671 | D:8      | Noticed a two-headed ogre
  6679 | D:8      | Killed a two-headed ogre
  6679 | D:8      | Reached skill level 12 in Axes
  6679 | D:8      | Reached XP level 10. HP: 63/86 MP: 9/9
  7437 | D:9      | Paralysed by a hornet for 1 turns
  7594 | D:9      | Reached skill level 13 in Axes
  7674 | D:9      | Found a staircase to the Lair.
  7738 | D:9      | Found a shimmering altar of Xom.
  7769 | D:9      | You fall through a shaft for 2 floors!
  8036 | D:10     | Entered Level 10 of the Dungeon
  8208 | D:9      | Reached ****** piety under Okawaru
  8559 | D:9      | Received a gift from Okawaru
  8621 | D:9      | Lost mutation: You occasionally shout uncontrollably at your foes. [potion of mutation]
  8621 | D:9      | Lost mutation: Your body sometimes deteriorates upon taking damage. [potion of mutation]
  8621 | D:9      | Lost mutation: You are resistant to hostile enchantments. (MR+) [potion of mutation]
  8621 | D:9      | Gained mutation: You have a beak for a mouth. [potion of mutation]
  8621 | D:9      | Gained mutation: Your magical capacity is low. (-10% MP) [potion of mutation]
  8621 | D:9      | Gained mutation: You are somewhat resistant to further mutation. [potion of mutation]
  8963 | D:10     | Noticed Erolcha
  8981 | D:10     | Killed Erolcha
  8981 | D:10     | Reached XP level 11. HP: 58/97 MP: 8/8
  9306 | D:10     | Noticed a two-headed ogre
  9315 | D:10     | Killed a two-headed ogre
  9315 | D:10     | Reached skill level 10 in Shields
  9323 | D:10     | Reached skill level 14 in Axes
  9468 | D:10     | Noticed a two-headed ogre
  9475 | D:10     | Killed a two-headed ogre
  9509 | D:10     | Found a staircase to the Orcish Mines.
  9721 | D:10     | Noticed a cyan ugly thing
  9736 | D:10     | Killed a cyan ugly thing
  9736 | D:10     | Reached skill level 10 in Armour
 10020 | D:11     | Reached skill level 1 in Evocations
 10053 | D:11     | Noticed Urug
 10072 | D:11     | Killed Urug
 10072 | D:11     | Received a gift from Okawaru
 10234 | D:11     | Noticed Berahthraban's ghost (journeyman HuCj)
 10345 | D:11     | Found an iron altar of Okawaru.
 10487 | D:11     | Noticed a deep elf archer
 10487 | D:11     | Noticed a centaur warrior
 10508 | D:11     | Killed a centaur warrior
 10508 | D:11     | Reached skill level 1 in Stealth
 10515 | D:11     | Reached skill level 10 in Fighting
 10550 | D:11     | Killed a deep elf archer
 10550 | D:11     | Reached XP level 12. HP: 31/106 MP: 5/10
 10604 | D:11     | Got a distressingly furry chain mail
 10605 | D:11     | Identified the +1 chain mail of Tovenwo {rF+ rCorr} (You found it on level 11 of the Dungeon)
 10635 | D:11     | Noticed a centaur warrior
 10646 | D:11     | Killed a centaur warrior
 10656 | D:11     | Mangled by an orc warrior

Skill      XL: |  1  2  3  4  5  6  7  8  9 10 11 |
---------------+----------------------------------+-----
Armour         | 4 5 6 7 9 11 | 11.1
Fighting       | 4 5 6 7 9 10 | 10.3
Shields        | 4 5 6 7 8 9 11 | 11.4
Axes           | 3 4 5 6 8 10 12 13 14 | 14.6
Dodging        | 1 |  1.5
Evocations     | 1 |  1.0
Stealth        | 1 |  1.1
Invocations    | |  0.2

Action                   |  1- 3 |  4- 6 |  7- 9 | 10-12 || total
-------------------------+-------+-------+-------+-------++-------
Melee: War axe           |   106 |   159 |   334 |   144 ||   743
       Headbutt          |    11 |    20 |    86 |   115 ||   232
       Hand axe          |       |       |       |   337 ||   337
       Peck              |       |       |       |    64 ||    64
Invok: Heroism           |       |       |     1 |     4 ||     5
Evoke: Wand              |       |       |       |     2 ||     2
  Use: Potion            |     4 |     4 |     7 |     6 ||    21
       Scroll            |       |     6 |     4 |     7 ||    17
  Eat: Chunk             |     1 |     6 |    11 |     5 ||    23
       Royal jelly       |       |       |     1 |     2 ||     3
       Fruit             |       |       |     2 |     3 ||     5
       Meat ration       |       |       |       |     1 ||     1
Armor: Scale mail        |     6 |       |       |       ||     6
       Plate armour      |    63 |    93 |   129 |   145 ||   430
       Chain mail        |       |       |       |     3 ||     3
Dodge: Dodged            |    30 |    29 |    40 |    70 ||   169
Block: Shield            |    62 |    67 |   133 |   188 ||   450
